 Dungeon Crawl Stone Soup version 0.29-a0-925-g0a7a3d12f8 (webtiles) character file.

Game seed: 10650221857791863313

1637 Malachi the Trooper (level 8, -11/68 HPs)
             Began as a Palentonga Fighter on July 29, 2022.
             Was a Follower of the Shining One.
             Shot with a bolt by an orc warrior (21 damage)
             ... in a bailey.
             The game lasted 00:10:24 (7571 turns).

Malachi the Trooper (Palentonga Fighter)            Turns: 7571, Time: 00:10:25

Health: -11/68     AC: 21    Str: 22    XL:     8   Next: 66%
Magic:  8/8        EV:  3    Int:  9    God:    the Shining One [*.....]
Gold:   263        SH:  5    Dex: 15    Spells: 7/7 levels left

rFire   . . .      SeeInvis +   a - +0 war axe
rCold   . . .      Faith    .   c - +0 buckler
rNeg    . . .      Spirit   .   l - +0 chain mail
rPois   .          Reflect  .   (no helmet)
rElec   .          Harm     .   (no cloak)
rCorr   .          Rampage  .   (no gloves)
Will    .....                   f - +1 barding of Siod {*Corrode Dex+6}
Stlth   ..........              (no amulet)
HPRegen 0.21/turn               (no ring)
MPRegen 0.11/turn               (no ring)

@: mighty, glowing, curled up
A: large, rugged brown scales 3, see invisible, deformed body, roll 1, armoured
tail, reflexive curl
a: Rolling Charge, Renounce Religion, Divine Shield


You were in a bailey.
You worshipped the Shining One.
The Shining One was aware of your devotion.
You visited 2 branches of the dungeon, and saw 8 of its levels.
You also visited: Bailey.

You collected 263 gold pieces.

Inventory:

Hand Weapons
 a - a +0 war axe (weapon)
 b - a +2 vorpal hand axe
 x - a +0 spear
 y - a +0 arbalest
Armour
 c - a +0 buckler (worn)
 f - the +1 barding of Siod (worn) {*Corrode Dex+6}
   (You acquired it on level 1 of the Dungeon)

   Dex:       It affects your dexterity (+6).
   *Corrode:  It may corrode you when you take damage.
 l - a +0 chain mail (worn)
Jewellery
 g - a ring of fire
 u - a +6 ring of intelligence
Wands
 m - a wand of charming (6)
Scrolls
 e - a scroll of teleportation
 k - 2 scrolls of amnesia
 q - a scroll of vulnerability
 r - 2 scrolls of magic mapping
 s - a scroll of fear
Potions
 d - a potion of might
 h - 2 potions of brilliance
 i - 2 potions of curing
 j - 2 potions of heal wounds
 n - 4 potions of lignification {unknown}
 o - a potion of flight {unknown}
 p - 2 potions of attraction {unknown}
 t - a potion of berserk rage {unknown}
 v - a potion of ambrosia {unknown}
 w - a potion of mutation {unknown}


   Skills:
 + Level 6.2 Fighting
 + Level 5.8 Axes
 + Level 5.2 Armour
 + Level 5.7 Shields


You had 7 spell levels left.
You didn't know any spells.
Your spell library contained the following spells:

 Spells                   Type           Power      Damage    Failure   Level
 Apportation              Tloc           0%         N/A       98%         1
 Necrotise                Necr           0%         1d4       98%         1
 Summon Small Mammal      Summ           0%         N/A       98%         1


Dungeon Overview and Level Annotations

Branches:
Dungeon (7/15)             Temple (1/1) D:4          Bailey (1/1)

Altars:
Ashenzari
Cheibriados
Dithmenos
Elyvilon
Fedhas
Gozag
Hepliaklqana
Makhleb
Nemelex Xobeh
Okawaru
Qazlal
Sif Muna
Vehumet
Wu Jian
Xom
Yredelemnul
The Shining One


Innate Abilities, Weirdness & Mutations

You are completely covered in rugged brown scales. (AC +3, +7% HP)
You have supernaturally acute eyesight. (SInv)
Armour fits poorly on your strangely shaped body.
You can roll at nearby foes to attack.
You have a long armoured tail.
You curl defensively after being hit. (AC +7*)


Message History

You barely miss the orc warrior.
You hit the orc warrior but do no damage.
The orc warrior hits you but does no damage.
The orc warrior unwields a +0 arbalest.
The orc warrior hits you but does no damage.
The orc warrior shoots a bolt.
The bolt hits you but does no damage. The orc warrior barely misses you.
You slash the orc warrior! You tail-slap the orc warrior!
The orc warrior is heavily wounded.
You barely miss the orc warrior.
The orc warrior shoots a bolt.
The bolt hits you. The orc warrior hits you! The orc warrior hits you.
You hit the orc warrior. You tail-slap the orc warrior.
The orc warrior is almost dead.
You barely miss the orc warrior.
The orc warrior shoots a bolt.
You block the bolt.
The orc warrior hits you but does no damage.
The orc warrior barely misses you.
You slash the orc warrior!
You kill the orc warrior!
You hit the orc warrior.
The orc warrior shoots a bolt.
The bolt barely misses you.
The orc warrior hits you but does no damage.
The orc warrior shoots a bolt.
The bolt barely misses you.
The orc warrior hits you but does no damage.
Unknown command.
You slash the orc warrior!
The orc warrior is heavily wounded.
The orc warrior shoots a bolt.
The bolt hits you!!
The orc warrior hits you but does no damage.
You are too injured to fight recklessly!
You are too injured to fight recklessly!
You feel very mighty all of a sudden.
The orc warrior shoots a bolt.
The bolt hits you!!
* * * LOW HITPOINT WARNING * * *
The orc warrior hits you but does no damage.
You hit the orc warrior but do no damage.
Your tail-slap misses the orc warrior.
The orc warrior is heavily wounded.
The orc warrior shoots a bolt.
The bolt hits you!!
You die...

#.............#
#.
#............##
##
#............#
#............#
#............#
#............##
#.............#
#.............##
#.......@).....#
#
#......≈≈o≈≈≈...
####
#.....≈≈#o##≈...
##...
#.....≈##oo ≈...
..... .....≈ ...
... ..... .....≈
.##≈ .. .....
.....≈ ## ≈.
..... ..... ≈≈
.. ..... .....


You could see 3 orc warriors and an orc.

Vanquished Creatures
  2 orc warriors (Bailey)
  An ice beast (D:6)
  A sky beast (D:6)
  A black bear (D:6)
  A centaur (D:6)
  2 ogres
  A phantom (D:5)
  A bullfrog (D:7)
  A necrophage (D:4)
  3 scorpions
  5 wights (D:6)
  An orc priest (D:4)
  A hound (D:4)
  An iguana (D:5)
  An orc wizard (D:3)
  3 gnolls (D:5)
  5 adders
  A white imp (D:6)
  3 worms
  22 orcs
  3 endoplasms
  2 giant cockroaches
  9 goblins
  5 hobgoblins
  10 kobolds
  3 quokkas
  10 ball pythons
  4 bats
  3 frilled lizards
  4 rats
110 creatures vanquished.

Notes
Turn   | Place    | Note
-------+----------+-------------------------------------------
     0 | D:1      | Malachi the Palentonga Fighter began the quest for the Orb.
     0 | D:1      | Reached XP level 1. HP: 19/19 MP: 1/1
   329 | D:1      | Reached XP level 2. HP: 25/25 MP: 2/2
   625 | D:1      | Found a faded altar of an unknown god.
   706 | D:1      | Identified a scroll of acquirement
   706 | D:1      | Acquired the +1 barding of Siod {*Corrode Dex+6}
   813 | D:2      | Reached XP level 3. HP: 31/31 MP: 3/3
  1501 | D:3      | Reached XP level 4. HP: 37/37 MP: 4/4
  2269 | D:4      | Noticed a necrophage
  2275 | D:4      | Killed a necrophage
  2276 | D:4      | Reached XP level 5. HP: 38/44 MP: 5/5
  2573 | D:4      | Reached skill level 4 in Fighting
  2888 | D:4      | Noticed an ogre
  2901 | D:4      | Killed an ogre
  2902 | D:4      | Reached XP level 6. HP: 18/51 MP: 6/6
  3341 | D:4      | Found a staircase to the Ecumenical Temple.
  3347 | Temple   | Entered the Ecumenical Temple
  3535 | Temple   | Became a worshipper of the Shining One
  4080 | D:5      | Entered Level 5 of the Dungeon
  4392 | D:4      | Gained mutation: You curl defensively after being hit. (AC
                  | +7*) [Palentonga growth]
  4392 | D:4      | Reached XP level 7. HP: 8/58 MP: 7/7
  5348 | D:6      | Reached skill level 5 in Fighting
  6343 | D:6      | Reached skill level 5 in Axes
  6343 | D:6      | Reached skill level 5 in Shields
  6343 | D:6      | Reached XP level 8. HP: 41/67 MP: 8/8
  6488 | D:6      | Reached * piety under the Shining One
  7045 | D:7      | Found a flagged portal.
  7056 | D:7      | Reached skill level 6 in Fighting
  7056 | D:7      | Reached skill level 5 in Armour
  7086 | Bailey   | Entered a bailey
  7571 | Bailey   | Shot with a bolt by an orc warrior

Illustrated notes

Levels and vault maps discovered:
D:1:      nzn_arrival_depleted_hourglass, layout_loops_cross,
          ebering_ecumenical_altar_petrified, hangedman_decor_lopped,
          chequers_garden, minmay_misc_feat_five
D:2:      layout_basic, st_stairs_14
D:3:      layout_basic, roderic_serpentine_path
D:4:      layout_basic, minmay_temple_entry_hall
D:5:      layout_basic, minmay_misc_feat_tower
D:6:      layout_basic
D:7:      layout_loops_ring, gammafunk_ghost_necromancy, enter_bailey_5,
          uniq_duvessa, uniq_joseph
Temple:   minmay_crystal_spiral_temple
Bailey:   bailey_polearm_2, bailey

Skill      XL: |  1  2  3  4  5  6  7  8 |
---------------+-------------------------+-----
Shields        | 3 4 5 |  5.7
Axes           | 3 4 5 |  5.8
Armour         | 3 4 5 |  5.2
Fighting       | 4 5 6 |  6.2

Action                   |  1- 3 |  4- 6 |  7- 9 || total
-------------------------+-------+-------+-------++-------
Melee: War axe           |    87 |   133 |    98 ||   318
       Tailslap          |     6 |    15 |    15 ||    36
 Abil: Rolling Charge    |       |     4 |     7 ||    11
  Use: Scroll            |     5 |     5 |     4 ||    14
       Potion            |       |       |     2 ||     2
Armor: Scale mail        |    64 |       |       ||    64
       Chain mail        |       |    92 |    99 ||   191
Dodge: Dodged            |    26 |    22 |    21 ||    69
Block: Buckler           |    15 |    27 |    38 ||    80

Table legend: (Time is in decaauts)
 A = Elapsed time spent in this place.
 B = Non-inter-level travel time spent in this place.
 C = Inter-level travel time spent in this place.
 D = Time resting spent in this place.
 E = Time spent auto-exploring this place.
 F = Levels seen in this place.
 G = Mean time per level.
                   A        B        C        D        E       F      G
               +--------+--------+--------+--------+--------+-----+--------+
         Total |   7685 |   7379 |    306 |   1854 |   4549 |   9 |  853.9 |
       Dungeon |   6981 |   6759 |    222 |   1562 |   4347 |   7 |  997.3 |
        Temple |    213 |    129 |     84 |      0 |    112 |   1 |  213.0 |
        Bailey |    490 |    490 |      0 |    292 |     90 |   1 |  490.0 |
               +--------+--------+--------+--------+--------+-----+--------+

Top non-repeatable levels by time:
     D:4: 1993 daAuts
     D:6: 1691 daAuts
     D:5: 890 daAuts
     D:3: 790 daAuts
     D:2: 770 daAuts
     D:1: 749 daAuts
  Bailey: 490 daAuts
  Temple: 213 daAuts
     D:7: 95 daAuts
